 Dungeon Crawl Stone Soup version 0.21.1-1-g345015f (webtiles) character file.

2683 poirepourri the Basher (level 9, -6/57 HPs)
             Began as a Gargoyle Fighter on May 14, 2018.
             Mangled by an orc warrior
             ... wielding a +0 mace
              (8 damage)
             ... on level 7 of the Dungeon.
             The game lasted 00:06:44 (5378 turns).

poirepourri the Basher (Gargoyle Fighter)           Turns: 5378, Time: 00:06:45

Health: -6/57      AC: 18    Str: 20    XL:     9   Next: 64%
Magic:  9/9        EV:  7    Int:  9    God:
Gold:   320        SH:  9    Dex: 12    Spells: 8/8 levels left

rFire    . . .     SeeInvis +   a - +3 flail
rCold    . . .     Gourm    .   c - +0 shield
rNeg     + . .     Faith    .   b - +0 scale mail
rPois    ∞         Spirit   .   (no helmet)
rElec    +         Reflect  .   n - +2 cloak {+Inv}
rCorr    .         Harm     .   (no gloves)
MR       +....                  r - +1 pair of boots
Stlth    ..........             l - amulet of regeneration
HPRegen  0.59/turn              p - ring of see invisible
MPRegen  0.11/turn              q - ring of protection from magic

@: no status effects
A: negative energy resistance 1, electricity resistance, unbreathing,
petrification resistance, rot immunity, AC +6
a: Evoke Invisibility


You were on level 7 of the Dungeon.
You were hungry.

You visited 1 branch of the dungeon, and saw 7 of its levels.

You collected 320 gold pieces.

Inventory:

Hand Weapons
 a - a +3 flail (weapon)
Missiles
 u - 28 bolts
Armour
 b - a +0 scale mail (worn)
 c - a +0 shield (worn)
 j - a scarf of resistance
 n - a +2 cloak of invisibility (worn)
 r - a +1 pair of boots (worn)
Jewellery
 g - an uncursed ring of positive energy
 i - an uncursed ring of resist corrosion
 k - an uncursed ring of ice
 l - an amulet of regeneration (around neck)
 p - a ring of see invisible (left hand)
 q - a ring of protection from magic (right hand)
Wands
 e - a wand of random effects (30)
 y - a wand of flame (22)
Scrolls
 d - 2 scrolls of magic mapping
 s - a scroll of remove curse
 t - a scroll of identify
 x - a scroll of blinking
Potions
 h - 3 potions of curing
 m - a potion of lignification
 v - a potion of haste
 w - 3 potions of heal wounds
Books
 o - a book of Changes

   Spells                             Type                      Level
   a - Beastly Appendage              Transmutation                1
   b - Sticks to Snakes               Transmutation                2
   c - Spider Form                    Transmutation/Poison         3
   d - Ice Form                       Ice/Transmutation            4
   e - Blade Hands                    Transmutation                5
Comestibles
 f - 12 rations


   Skills:
 - Level 7.1 Fighting
 + Level 11.5 Maces & Flails
 - Level 3.2 Armour
 - Level 3.2 Shields


You had 8 spell levels left.
You didn't know any spells.

Dungeon Overview and Level Annotations

Branches:
Dungeon (7/15)             Temple (0/1) D:7

Altars:
Ashenzari
Dithmenos
Fedhas
Nemelex Xobeh
Qazlal
Uskayaw
Vehumet
The Shining One


Innate Abilities, Weirdness & Mutations

You are resistant to torment.
Your stone body is resilient. (AC +6)
You are immune to poison.
You resist negative energy. (rN+)
You are resistant to electric shocks. (rElec)
You can survive without breathing.
You are immune to petrification.
You are immune to rotting.


Message History

You closely miss the orc warrior.
The orc warrior is heavily wounded.
You block the orc's attack.
You hit the orc warrior but do no damage.
The orc warrior is heavily wounded.
The orc warrior hits you with a mace!
* * * LOW HITPOINT WARNING * * *
You block the orc's attack.
The orc priest begins to cast a cantrip, but forgets the words!
You barely miss the orc warrior.
The orc warrior is heavily wounded.
The orc warrior hits you with a mace!
* * * LOW HITPOINT WARNING * * *
The orc hits you but does no damage.
The orc priest calls upon Beogh to heal the orc warrior.
The orc warrior is healed somewhat.
You hit the orc warrior.
The orc warrior is heavily wounded.
You block the orc's attack. The orc warrior hits you with a mace!
You die...

....!....#.#. #....[...<.......
.........#...####.......####.....
.........#.>.#.........## ...
..)......#...#.........# .
......)..#####.#.......#
...........##....####### .
...........)..##....####...
...........#.o#####........
......#......Zoo@o..)......
g....##......#########.#...
g###....####.# #..##.# ..# #. .>.
.### #. ###.## . . #.


You could see an orc warrior, 2 orc priests, an orc and a leopard gecko
skeleton.

Vanquished Creatures
  A troll (D:5)
  Grinder (D:6)
  Menkaure (D:5)
  Duvessa (D:5)
  An orc warrior (D:6)
  A black bear (D:6)
  A sky beast (D:6)
  2 ogres
  A phantom (D:4)
  A necrophage (D:6)
  A centaur (D:5)
  A bullfrog (D:6)
  Dowan (D:5)
  3 scorpions
  A crimson imp (D:7)
  A centaur zombie (D:5)
  3 hounds
  5 jellies
  Crazy Yiuf (D:3)
  A bullfrog zombie (D:6)
  5 orc wizards
  A centaur skeleton (D:5)
  An orc priest (D:4)
  2 bullfrog skeletons
  2 iguanas
  3 worker ants
  Terence (D:3)
  A killer bee zombie (D:6)
  11 gnolls
  A howler monkey zombie (D:5)
  11 adders
  4 shadow imps (D:6)
  An ooze (D:5)
  An adder skeleton (D:6)
  An adder zombie (D:7)
  A dart slug (D:1)
  7 leopard geckos
  12 orcs
  4 bats
  7 giant cockroaches
  7 goblins
  9 hobgoblins
  6 jackals
  4 quokkas
  A ball python (D:1)
  2 frilled lizards
  3 kobolds
  8 rats
146 creatures vanquished.

Notes
Turn   | Place    | Note
-------+----------+-------------------------------------------
     0 | D:1      | poirepourri the Gargoyle Fighter began the quest for the Orb.
     0 | D:1      | Reached XP level 1. HP: 14/14 MP: 1/1
   194 | D:1      | Reached XP level 2. HP: 19/19 MP: 2/2
   419 | D:1      | Reached skill level 3 in Maces & Flails
   912 | D:2      | Reached XP level 3. HP: 19/23 MP: 3/3
  1384 | D:2      | Reached skill level 4 in Maces & Flails
  1488 | D:2      | Reached XP level 4. HP: 27/28 MP: 4/4
  1909 | D:2      | Noticed a dagger
  1910 | D:2      | Found a hide-covered altar of Uskayaw.
  1911 | D:2      | Noticed a dagger
  2149 | D:3      | Noticed Terence
  2162 | D:3      | Killed Terence
  2226 | D:3      | Reached skill level 5 in Maces & Flails
  2226 | D:3      | Reached XP level 5. HP: 32/32 MP: 5/5
  2373 | D:3      | Found a runed door.
  2403 | D:3      | Noticed Crazy Yiuf
  2410 | D:3      | Killed Crazy Yiuf
  2445 | D:4      | Noticed a phantom
  2479 | D:4      | Killed a phantom
  2479 | D:4      | Reached skill level 5 in Fighting
  2479 | D:4      | Reached XP level 6. HP: 26/40 MP: 6/6
  2715 | D:4      | Reached XP level 7. HP: 45/47 MP: 7/7
  2772 | D:4      | Found a sparkling altar of Nemelex Xobeh.
  3224 | D:5      | Entered Level 5 of the Dungeon
  3239 | D:5      | Noticed Duvessa
  3239 | D:5      | Noticed Dowan
  3256 | D:5      | Killed Duvessa
  3256 | D:5      | Reached skill level 6 in Maces & Flails
  3273 | D:5      | Killed Dowan
  3451 | D:5      | Reached XP level 8. HP: 30/53 MP: 8/8
  3531 | D:5      | Reached skill level 7 in Maces & Flails
  3764 | D:5      | Found a stormy altar of Qazlal.
  3777 | D:5      | Found a blossoming altar of Fedhas.
  3940 | D:5      | Noticed Menkaure
  3947 | D:5      | Killed Menkaure
  3947 | D:5      | Reached skill level 8 in Maces & Flails
  4130 | D:5      | Found a shadowy altar of Dithmenos.
  4132 | D:5      | Found a shattered altar of Ashenzari.
  4134 | D:5      | Found a glowing golden altar of the Shining One.
  4306 | D:6      | Noticed a troll
  4315 | D:5      | Reached skill level 9 in Maces & Flails
  4442 | D:5      | Killed a troll
  4595 | D:6      | Reached XP level 9. HP: 57/57 MP: 9/9
  4614 | D:6      | Reached skill level 10 in Maces & Flails
  4804 | D:6      | Found a radiant altar of Vehumet.
  5053 | D:6      | Noticed Grinder
  5067 | D:6      | Killed Grinder
  5067 | D:6      | Reached skill level 11 in Maces & Flails
  5278 | D:7      | Found a staircase to the Ecumenical Temple.
  5377 | D:7      | HP: 1/57 [orc warrior/mace (11)]
  5378 | D:7      | Mangled by an orc warrior

Skill      XL: |  1  2  3  4  5  6  7  8  9 |
---------------+----------------------------+-----
Maces & Flails | 3 4 5 6 9 11 | 11.5
Fighting       | 5 6 7 |  7.1
Armour         | |  3.2
Shields        | |  3.2

Action                   |  1- 3 |  4- 6 |  7- 9 || total
-------------------------+-------+-------+-------++-------
Melee: Flail             |   112 |    94 |   362 ||   568
  Use: Scroll            |    10 |     3 |     7 ||    20
       Potion            |       |     2 |     1 ||     3
  Eat: Ration            |     1 |     1 |     2 ||     4
       Chunk             |       |     1 |       ||     1
Armor: Scale mail        |    99 |    50 |   204 ||   353
Dodge: Dodged            |    47 |    35 |   145 ||   227
Block: Shield            |    89 |    44 |   207 ||   340
